 Dungeon Crawl Stone Soup version 0.31-a0-20-g13bd767e95 (webtiles) character file.

Game seed: 5002960287298965130

22 Conn the Firebug (level 2, -2/18 HPs)
             Began as an Octopode Fire Elementalist on May 13, 2023.
             Slain by Sigmund
             ... wielding a +2 scythe of freezing
              (4 damage)
             ... on level 2 of the Dungeon.
             The game lasted 00:01:50 (1250 turns).

Conn the Firebug (Octopode Fire Elementalist)       Turns: 1250, Time: 00:01:51

Health: -2/18      AC:  1    Str:  7    XL:     2   Next: 91%
Magic:  3/5        EV: 10    Int: 17    God:
Gold:   82         SH:  6    Dex: 12    Spells: 4/5 levels left

rFire   . . .        h - +0 hand axe
rCold   . . .        g - +0 kite shield
rNeg    . . .        (helmet restricted)
rPois   .            (no amulet)
rElec   .            e - +4 ring of slaying
rCorr   .            (no ring)
SInv    .            (no ring)
Will    .....        (no ring)
Stlth   +++          (no ring)
HPRegen 0.23/turn    (no ring)
MPRegen 0.09/turn    (no ring)
                     (no ring)

%: no passive effects
@: attractive, very slightly contaminated
A: almost no armour, amphibious, 8 rings, camouflage 1, gelatinous body 1,
(nimble swimmer 1), tentacles
a: no special abilities


You were on level 2 of the Dungeon.
You visited 1 branch of the dungeon, and saw 2 of its levels.

You collected 82 gold pieces.

Inventory:

Hand Weapons
 h - a +0 hand axe (weapon)
Missiles
 n - 5 poisoned darts
Armour
 g - a +0 kite shield (worn)
Jewellery
 e - a +4 ring of slaying (left tentacle)
Scrolls
 d - 2 scrolls of teleportation {unknown}
 f - a scroll of noise {unknown}
 i - 3 scrolls of identify {unknown}
Potions
 a - a potion of magic
 b - a potion of brilliance {unknown}
 c - a potion of attraction
 j - a potion of haste {unknown}
 k - 3 potions of mutation {unknown}
 l - a potion of flight {unknown}
 m - a potion of lignification {unknown}


   Skills:
 * Level 0.5 Fighting
 + Level 2.0 Dodging
 + Level 3.0 Stealth
 * Level 0.2 Shields
 + Level 2.3 Spellcasting
 + Level 1.1 Conjurations
 + Level 3.3 Fire Magic


You had 4 spell levels left.
You knew the following spells:

 Your Spells              Type           Power      Damage    Failure   Level
a - Foxfire               Conj/Fire      36%        2x1d5     52%         1

Your spell library contained the following spells:

 Spells                   Type           Power      Damage    Failure   Level
 Scorch                   Fire           26%        2d6       52%         2
 Inner Flame              Hex/Fire       7%         N/A       93%         3
 Volatile Blastmotes      Fire/Tloc      14%        2d11      93%         3
 Flame Wave               Conj/Fire      9%         2d6       99%         4


Dungeon Overview and Level Annotations

Branches:
Dungeon (2/15)

Altars:

Shops:
D:2 [

Annotations:
D:2 Sigmund


Innate Abilities, Weirdness & Mutations

You cannot wear most types of armour.
You are amphibious.
You can wear up to eight rings at the same time.
Your skin changes colour to match your surroundings (Stealth+).
Your rubbery body absorbs attacks. (AC +1, EV +1)
((You are camouflaged when in or above water. (Stealth+)))
You have tentacles for arms and can constrict up to eight enemies at once.


Message History

There is a stone staircase leading down here.
m - a smoky brown potion
There is an entrance to Ity Tul's Antique Armour Emporium here.
Unknown command.
You open the door.
Found 5 poisoned darts.
There is an open door here.
Sigmund the Dreaded comes into view.
He is wielding a +2 scythe of freezing.
You see here 5 poisoned darts.
n - 5 poisoned darts
Casting: Foxfire (safe; 52% risk of failure)
Confirm with . or Enter, or press ? or * to list all spells.
Okay, then.
Unknown command.
Casting: Foxfire (safe; 52% risk of failure)
Confirm with . or Enter, or press ? or * to list all spells.
You miscast Foxfire.
You are very lightly contaminated with residual magic.
Nothing appears to happen.
Sigmund gestures wildly while chanting.
Sigmund flickers and vanishes!
Deactivating autopickup; reactivate with Ctrl-A.
Casting: Foxfire (safe; 52% risk of failure)
Confirm with . or Enter, or press ? or * to list all spells.
You miscast Foxfire.
Nothing appears to happen.
Unknown command.
Casting: Foxfire (safe; 52% risk of failure)
Confirm with . or Enter, or press ? or * to list all spells.
Okay, then.
Unknown command.
Unknown command.
It was a potion of attraction.
You feel attractive to monsters. Something hits you. Something freezes you.
Something is attracted toward you.
Okay, then.
You miss something. Something hits you!
Ouch! That really hurt!
* * * LOW HITPOINT WARNING * * *
Something freezes you.
You die...

... #....... #####
#.........#
.....###.........#
......#.........#
..............#####
#.....# #........ #@.§..#
#........
#.....####........
#........'........
#.....####......†.
#.....# #........
♣♣♣##############.#......
.............##..∩.......
♣..........##.#.#......
#..........##.#........


There were no monsters in sight!

Vanquished Creatures
  An adder (D:2)
  3 bats (D:1)
  An endoplasm (D:2)
  A goblin (D:1)
  2 hobgoblins (D:1)
  2 ball pythons
  3 frilled lizards (D:1)
  A rat (D:2)
14 creatures vanquished.

Vanquished Creatures (others)
  34 foxfires
34 creatures vanquished.

Grand Total: 48 creatures vanquished

Notes
Turn   | Place    | Note
-------+----------+-------------------------------------------
     0 | D:1      | Conn the Octopode Fire Elementalist began the quest for the
                  | Orb.
     0 | D:1      | Reached XP level 1. HP: 11/11 MP: 3/3
   331 | D:1      | Reached XP level 2. HP: 17/17 MP: 0/5
   531 | D:1      | Found a faded altar of an unknown god.
  1122 | D:2      | Found Ity Tul's Antique Armour Emporium.
  1243 | D:2      | Noticed Sigmund
  1250 | D:2      | Slain by Sigmund

Illustrated notes

Levels and vault maps discovered:
D:1:      lemuel_arrival_broad_hall, layout_basic,
          dreamdust_ecumenical_altar_statues
D:2:      layout_basic, serial_forest, infiniplex_forest_clump_curved,
          infiniplex_forest_straight_2, infiniplex_forest_straight_1,
          infiniplex_forest_corner_1, infiniplex_forest_lined_room_2,
          infiniplex_forest_end_2, infiniplex_forest_straight_2, serial_shops,
          nicolae_shop_crystal, shop, hex_large, minmay_misc_feat_enclosed,
          uniq_sigmund

Skill      XL: |  1  2 |
---------------+-------+-----
Stealth        | 3 |  3.0
Fighting       | |  0.5
Dodging        | |  2.0
Shields        | |  0.2
Spellcasting   | |  2.3
Conjurations   | |  1.1
Fire Magic     | |  3.3

Action                     || total
---------------------------++-------
  Melee: Hand axe          ||     6
   Cast: Foxfire           ||    20
    Use: Potion            ||     1
   Stab: Sleeping          ||     3
 Armour: Skin              ||     1
  Dodge: Dodged            ||     1
  Block: Kite shield       ||     1

Table legend: (Time is in decaauts)
 A = Elapsed time spent in this place.
 B = Non-inter-level travel time spent in this place.
 C = Inter-level travel time spent in this place.
 D = Time resting spent in this place.
 E = Time spent auto-exploring this place.
 F = Levels seen in this place.
 G = Mean time per level.
                   A        B        C        D        E       F      G
               +--------+--------+--------+--------+--------+-----+--------+
         Total |   1251 |   1243 |      8 |      0 |   1008 |   2 |  625.5 |
       Dungeon |   1251 |   1243 |      8 |      0 |   1008 |   2 |  625.5 |
               +--------+--------+--------+--------+--------+-----+--------+

Top non-repeatable levels by time:
     D:1: 948 daAuts
     D:2: 303 daAuts
